 Dungeon Crawl Stone Soup version 0.26-a0-1021-gda264ca44c (webtiles) character file.

Game seed: 2134486861741242227

200 sokol815 the Slasher (level 5, -2/36 HPs)
             Began as an Octopode Fighter on Dec 9, 2020.
             Slain by an ogre
             ... wielding a +0 giant club
              (18 damage)
             ... on level 4 of the Dungeon.
             The game lasted 00:05:43 (2509 turns).

sokol815 the Slasher (Octopode Fighter)             Turns: 2509, Time: 00:05:44

Health: -2/36      AC:  1    Str: 15    XL:     5   Next: 79%
Magic:  5/5        EV: 11    Int: 11    God:
Gold:   206        SH:  8    Dex: 12    Spells: 4/4 levels left

rFire    . . .     SeeInvis .   a - +0 long sword
rCold    . . .     Faith    .   b - +0 kite shield
rNeg     . . .     Spirit   .   (helmet restricted)
rPois    .         Reflect  .   (no amulet)
rElec    .         Harm     .   i - +4 ring of slaying
rCorr    .         Rampage  .   (no ring)
Will     .....                  (no ring)
Stlth    ++........             (no ring)
HPRegen  0.12/turn              (no ring)
MPRegen  0.09/turn              (no ring)
                                (no ring)
                                (no ring)

@: no status effects
A: almost no armour, stealthy swim, amphibious, 8 rings, constrict 8, camouflage
1, gelatinous body 1
a: no special abilities


You were on level 4 of the Dungeon.
You visited 1 branch of the dungeon, and saw 4 of its levels.

You collected 206 gold pieces.

Inventory:

Hand Weapons
 a - a +0 long sword (weapon)
 c - a +0 hunting sling of freezing
 f - a +0 dagger
 t - a +2 vorpal hand axe
Missiles
 d - 57 stones
 e - 43 bolts
 k - 25 sling bullets
 n - 14 poisoned darts (quivered)
Armour
 b - a +0 kite shield (worn)
Jewellery
 i - a +4 ring of slaying (left tentacle)
Scrolls
 g - a scroll of blinking {unknown}
 h - 3 scrolls of identify
 j - 2 scrolls of remove curse {unknown}
 l - 4 scrolls of enchant weapon {unknown}
 m - 4 scrolls of enchant armour {unknown}
 o - a scroll of fog {unknown}
 p - 2 scrolls of amnesia
 r - 2 scrolls of random uselessness {unknown}
 s - 4 scrolls of teleportation
 u - a scroll of immolation {unknown}
Potions
 q - a potion of invisibility
 v - a potion of might


   Skills:
 - Level 3.0 Fighting
 + Level 5.8 Long Blades
 + Level 0.0 Slings
 - Level 3.0 Dodging
 + Level 0.0 Stealth
 - Level 3.0 Shields


You had 4 spell levels left.
You didn't know any spells.
Your spell library was empty.

Dungeon Overview and Level Annotations

Branches:
Dungeon (4/15)
 Temple: D:4-7

Altars:
Elyvilon
Okawaru
Yredelemnul
Zin


Innate Abilities, Weirdness & Mutations

You cannot wear most types of armour.
You are very stealthy in the water. (Stealth+)
You are amphibious.
You can wear up to eight rings at the same time.
You can use your tentacles to constrict eight enemies at once.
Your skin changes colour to match your surroundings (Stealth+).
Your rubbery body absorbs attacks. (AC +1, EV +1)


Message History

The ogre is poisoned.
Throw: 15 darts (poison)
Press: ? - help, Q - select action, (/) - cycle Shift-Dir - straight line, f/p - ogre
Aim: an ogre, wielding a +0 giant club (poisoned)
You throw a poisoned dart. The poisoned dart hits the ogre.
The ogre looks even sicker.
There is a stone staircase leading down here.
You barely miss the ogre.
The ogre is moderately wounded.
The ogre barely misses you.
You riposte.
You slash the ogre!
The ogre is severely wounded.
You hit the ogre but do no damage.
The ogre is severely wounded.
The ogre hits you with a +0 giant club!!
Ouch! That really hurt!
You hit the ogre.
The ogre is almost dead.
The ogre hits you with a +0 giant club!!
Ouch! That really hurt!
You die...

###.#.#### #......†.#
#.#.#.##.# #...##.#
#.####.# #.####.#
######### #...<#.#
#.......##############.##
....(((('....>oO@....#..#
#.......############.##.#
#.......# #.........#
#.......# #.#..#.#####
#.......# #.#........#
#.......# #.########.#
#.......# #.......##.#
.#####... #######.##.#
#... #.##.#


You could see an ogre (poisoned) and an orc.

Vanquished Creatures
  A scorpion (D:2)
  3 gnolls (D:3)
  2 adders
  An ooze (D:1)
  2 worms (D:2)
  2 dart slugs
  A leopard gecko (D:1)
  A ball python (D:3)
  5 giant cockroaches
  12 hobgoblins
  10 jackals
  5 kobolds
  4 quokkas
  11 bats
  3 frilled lizards
  7 goblins
  15 rats
85 creatures vanquished.

Vanquished Creatures (others)
  15 plants (D:3)
15 creatures vanquished.

Grand Total: 100 creatures vanquished

Notes
Turn   | Place    | Note
-------+----------+-------------------------------------------
     0 | D:1      | sokol815 the Octopode Fighter began the quest for the Orb.
     0 | D:1      | Reached XP level 1. HP: 16/16 MP: 1/1
   157 | D:1      | Reached XP level 2. HP: 17/21 MP: 2/2
   240 | D:1      | Reached skill level 3 in Long Blades
   506 | D:1      | Reached XP level 3. HP: 26/26 MP: 3/3
  1125 | D:2      | Reached skill level 4 in Long Blades
  1134 | D:2      | Noticed a scorpion
  1140 | D:2      | Killed a scorpion
  1141 | D:2      | Reached XP level 4. HP: 26/31 MP: 4/4
  1302 | D:2      | Reached skill level 5 in Long Blades
  1464 | D:2      | Reached XP level 5. HP: 36/36 MP: 5/5
  1507 | D:3      | Noticed an ogre
  1708 | D:3      | Found a white marble altar of Elyvilon.
  1734 | D:3      | Found an iron altar of Okawaru.
  2230 | D:3      | Found a glowing silver altar of Zin.
  2231 | D:3      | Found a basalt altar of Yredelemnul.
  2484 | D:4      | Noticed an ogre
  2509 | D:4      | Slain by an ogre

Illustrated notes

Levels and vault maps discovered:
D:1:      dpeg_arrival_signposts, layout_loops_corners,
          chequers_hall_statues_corner_a
D:2:      layout_rooms
D:3:      layout_loops_ring, minitemple, lemuel_round_altar, serial_forest,
          infiniplex_forest_clump_small, infiniplex_forest_lined_room_3,
          infiniplex_forest_corner_2, infiniplex_forest_clump_diagonal,
          infiniplex_forest_straight_2, infiniplex_forest_clump_C,
          infiniplex_forest_lined_2, okawaru_gym_becter
D:4:      corexii_shack_village, layout_basic, makhleb_blood_cavern_becter

Skill      XL: |  1  2  3  4 |
---------------+-------------+-----
Long Blades    | 3 4 5 |  5.8
Fighting       | |  3.0
Dodging        | |  3.0
Shields        | |  3.0

Action                   |  1- 3 |  4- 6 || total
-------------------------+-------+-------++-------
Melee: Long sword        |    59 |    64 ||   123
       Constrict         |    19 |    18 ||    37
       Tentacles         |    11 |     7 ||    18
Throw: Dart              |       |    12 ||    12
  Use: Scroll            |     3 |     2 ||     5
 Stab: Distracted        |     1 |       ||     1
       Sleeping          |    10 |     4 ||    14
Armor: Skin              |     4 |     6 ||    10
Dodge: Dodged            |    19 |    34 ||    53
Block: Kite shield       |    19 |    28 ||    47
       Rpst.: Long sword |    11 |    12 ||    23

Table legend: (Time is in decaauts)
 A = Elapsed time spent in this place.
 B = Non-inter-level travel time spent in this place.
 C = Inter-level travel time spent in this place.
 D = Time resting spent in this place.
 E = Time spent auto-exploring this place.
 F = Levels seen in this place.
 G = Mean time per level.
                   A        B        C        D        E       F      G
               +--------+--------+--------+--------+--------+-----+--------+
         Total |   2544 |   2466 |     78 |      7 |   1936 |   4 |  636.0 |
       Dungeon |   2544 |   2466 |     78 |      7 |   1936 |   4 |  636.0 |
               +--------+--------+--------+--------+--------+-----+--------+

Top non-repeatable levels by time:
     D:1: 1055 daAuts
     D:3: 877 daAuts
     D:2: 491 daAuts
     D:4: 119 daAuts
